 Dungeon Crawl Stone Soup version 0.32-a0-607-g64ea0e4219 (webtiles) character file.

Game seed: 14144255934045303969

134 promet the Magician (level 4, 0/27 HPs)
             Began as a Deep Elf Fire Elementalist on Mar 3, 2024.
             Incinerated by a bombardier beetle (6 damage)
             ... with a burning spray
             ... on level 3 of the Dungeon.
             The game lasted 00:12:54 (2598 turns).

promet the Magician (Deep Elf Fire Elementalist)    Turns: 2598, Time: 00:12:55

Health: 0/27       AC:  3    Str:  5    XL:     4   Next: 95%
Magic:  1/12       EV: 12    Int: 20    God:
Gold:   76         SH:  0    Dex: 15    Spells: 5/11 levels left

rFire   . . .        a - +0 quarterstaff
rCold   . . .        (shield currently unavailable)
rNeg    . . .        m - +0 leather armour
rPois   .            (no helmet)
rElec   .            (no cloak)
rCorr   .            (no gloves)
SInv    +            (no boots)
Will    .....        g - amulet of regeneration
Stlth   +            (no ring)
HPRegen 1.04/turn    (no ring)
MPRegen 0.13/turn

%: no passive effects
@: on fire, very slightly contaminated, glowing
A: see invisible, dopey 1, robust 1
a: no special abilities


You were on level 3 of the Dungeon.
You visited 1 branch of the dungeon, and saw 3 of its levels.

You collected 76 gold pieces.

Inventory:

Hand Weapons
 a - a +0 quarterstaff (weapon)
 j - a +1 club
 p - a +0 war axe
Missiles
 c - a dart of dispersal (quivered)
 e - 5 stones
Armour
 m - a +0 leather armour (worn)
Jewellery
 d - a ring of ice
 f - an amulet of reflection
 g - an amulet of regeneration (around neck)
 k - an amulet of guardian spirit
 l - an amulet of magic regeneration
Scrolls
 i - a scroll of fog {unknown}
Potions
 b - a potion of magic
 h - a potion of enlightenment
 o - a potion of might


   Skills:
 * Level 1.0 Fighting
 + Level 0.2 Armour
 + Level 2.9 Dodging
 + Level 2.6 Stealth
 + Level 4.4 Spellcasting
 + Level 1.9 Conjurations
 * Level 1.3 Summonings
 + Level 4.2 Fire Magic


You had 5 spell levels left.
You knew the following spells:

 Your Spells              Type           Power      Damage    Failure   Level
a - Foxfire               Conj/Fire      64%        2x1d7     6%          1
b - Scorch                Fire           42%        2d6       5%          2
c - Call Imp              Summ           18%        N/A       19%         2
d - Magic Dart            Conj           48%        1d5       9%          1

Your spell library contained the following spells:

 Spells                   Type           Power      Damage    Failure   Level
 Inner Flame              Hex/Fire       12%        N/A       26%         3
 Volatile Blastmotes      Fire/Tloc      24%        2d12      26%         3
 Blink                    Tloc           8%         N/A       30%         2
 Summon Ice Beast         Ice/Summ       7%         N/A       43%         3
 Flame Wave               Conj/Fire      16%        2d7       50%         4
 Summon Mana Viper        Hex/Summ       7%         N/A       99%         5
 Monstrous Menagerie      Summ           4%         N/A       100%        7


Dungeon Overview and Level Annotations

Branches:
Dungeon (3/15)

Altars:


Innate Abilities, Weirdness & Mutations

You have supernaturally acute eyesight. (SInv)
You are dopey. (Int -2)
You are robust. (+10% HP)


Message History

The bombardier beetle completely misses you.
Your cerulean imp hits the bombardier beetle but does no damage.
Casting: Magic Dart (safe; 10% risk of failure)
Confirm with . or Enter, or press ? or * to list all spells.
You don't know that spell.
Unknown command.
Casting: Magic Dart (safe; 10% risk of failure)
Confirm with . or Enter, or press ? or * to list all spells.
Aiming: Magic Dart (safe; 10% risk of failure)
Press: ? - help, Shift-Dir - straight line, f/p - bombardier beetle
Aim: a bombardier beetle (lightly wounded, ally target, 100% to hit)
The magic dart hits the bombardier beetle.
The bombardier beetle is lightly wounded.
The liquid fire burns you!
Your cerulean imp hits the bombardier beetle but does no damage.
The bombardier beetle sprays incendiary fluid at you.
The burning spray hits you.
You are even more covered in liquid fire!
Okay, then.
Casting: Magic Dart (safe; 10% risk of failure)
Confirm with . or Enter, or press ? or * to list all spells.
Okay, then.
Casting: Magic Dart (safe; 10% risk of failure)
Confirm with . or Enter, or press ? or * to list all spells.
Flames lash the bombardier beetle.
The bombardier beetle is heavily wounded.
The bombardier beetle's fire resistance burns away.
The liquid fire burns you!
Your cerulean imp barely misses the bombardier beetle.
Casting: Scorch (safe; 6% risk of failure)
Confirm with . or Enter, or press ? or * to list all spells.
Flames lash the bombardier beetle.
The bombardier beetle is burned terribly!
You kill the bombardier beetle!
The liquid fire burns you!
* * * LOW HITPOINT WARNING * * *
Your Fighting skill increases to level 1!
You shake off some of the fire as you move.
The liquid fire burns you!
You die...

#.##.# #......
....... ## .......
#. ....... #.#
......#
#.###......#
#.##@5...#
#.##.##.##
#.##.##.#
#.......#
.######.......##.
.............†....
#####............g
#.<...........
#......#####)#


You could see a friendly cerulean imp (summoned).

Vanquished Creatures
  A bombardier beetle (D:3)
  Terence (D:3)
  A gnoll (D:1)
  3 adders (D:2)
  A ribbon worm (D:3)
  2 bats (D:2)
  3 endoplasms
  2 giant cockroaches
  3 hobgoblins (D:2)
  2 kobolds (D:2)
  7 ball pythons
  2 frilled lizards
  4 goblins
  12 rats
44 creatures vanquished.

Vanquished Creatures (collateral kills)
  A frilled lizard (D:2)
1 creature vanquished.

Vanquished Creatures (others)
  74 foxfires
74 creatures vanquished.

Grand Total: 119 creatures vanquished

Notes
Turn   | Place    | Note
-------+----------+-------------------------------------------
     0 | D:1      | promet the Deep Elf Fire Elementalist began the quest for
                  | the Orb.
     0 | D:1      | Reached XP level 1. HP: 10/10 MP: 6/6
   374 | D:1      | Reached XP level 2. HP: 15/15 MP: 4/8
   509 | D:1      | Learned a level 2 spell: Scorch
   512 | D:1      | Learned a level 2 spell: Call Imp
   514 | D:1      | Learned a level 1 spell: Magic Dart
  1369 | D:2      | Reached skill level 1 in Summonings
  1369 | D:2      | Reached XP level 3. HP: 20/20 MP: 6/9
  1453 | D:2      | Gained mutation: You are robust. (+10% HP) [potion of
                  | mutation]
  1453 | D:2      | Gained mutation: You are dopey. (Int -2) [potion of
                  | mutation]
  1453 | D:2      | Gained mutation: You have supernaturally acute eyesight.
                  | (SInv) [potion of mutation]
  1993 | D:2      | Reached XP level 4. HP: 26/26 MP: 8/11
  2340 | D:3      | Noticed Terence
  2367 | D:3      | Noticed a scorpion
  2377 | D:3      | Killed Terence
  2598 | D:3      | Reached skill level 1 in Fighting
  2598 | D:3      | Incinerated by a bombardier beetle

Illustrated notes

Levels and vault maps discovered:
D:1:      dpeg_arrival_ratfight, layout_basic
D:2:      layout_rooms
D:3:      layout_loops_ring, marbit_many_paths, minmay_misc_feat_diagonals,
          mrwooster_statue_mirror, uniq_terence

Skill      XL: |  1  2  3  4 |
---------------+-------------+-----
Fire Magic     | 4 |  4.2
Summonings     | 1 |  1.3
Spellcasting   | 4 |  4.4
Fighting       | 1 |  1.0
Armour         | |  0.2
Dodging        | |  2.9
Stealth        | |  2.6
Conjurations   | |  1.9

Action                     |  1- 3 |  4- 6 || total
---------------------------+-------+-------++-------
  Melee: Quarterstaff      |     7 |     1 ||     8
         Club              |     1 |       ||     1
  Throw: Dart              |       |     5 ||     5
   Cast: Foxfire           |    36 |     9 ||    45
         Scorch            |     4 |     4 ||     8
         Magic Dart        |     3 |     2 ||     5
         Call Imp          |       |     3 ||     3
    Use: Scroll            |     4 |     2 ||     6
         Potion            |     1 |       ||     1
 Armour: Leather armour    |     5 |     1 ||     6
  Dodge: Dodged            |    12 |     1 ||    13

Table legend: (Time is in decaauts)
 A = Elapsed time spent in this place.
 B = Non-inter-level travel time spent in this place.
 C = Inter-level travel time spent in this place.
 D = Time resting spent in this place.
 E = Time spent auto-exploring this place.
 F = Levels seen in this place.
 G = Mean time per level.
                   A        B        C        D        E       F      G
               +--------+--------+--------+--------+--------+-----+--------+
         Total |   2599 |   2552 |     47 |    997 |    820 |   3 |  866.3 |
       Dungeon |   2599 |   2552 |     47 |    997 |    820 |   3 |  866.3 |
               +--------+--------+--------+--------+--------+-----+--------+

Top non-repeatable levels by time:
     D:1: 1325 daAuts
     D:2: 1186 daAuts
     D:3: 87 daAuts
